 Dungeon Crawl Stone Soup version 0.29-a0-872-g797fff5ad1 (webtiles) character file.

Game seed: 4740937056771451184

2690 RevDB the Basher (level 9, -3/83 HPs)
             Began as a Minotaur Berserker on July 18, 2022.
             Was an Elder of Trog.
             Slain by a gnoll
             ... wielding a +0 halberd
             ... led by a gnoll bouda
              (6 damage)
             ... on level 8 of the Dungeon.
             The game lasted 00:40:49 (5957 turns).

RevDB the Basher (Minotaur Berserker)               Turns: 5957, Time: 00:40:50

Health: -3/83      AC: 14    Str: 32    XL:     9   Next: 38%
Magic:  8/8        EV:  8    Int:  4    God:    Trog [****..]
Gold:   561        SH:  0    Dex: 10    Spells: 8/8 levels left

rFire   . . .      SeeInvis .   H - +0 great mace
rCold   . . .      Faith    .   (shield currently unavailable)
rNeg    . . .      Spirit   .   r - +0 plate armour
rPois   +          Reflect  .   (helmet restricted)
rElec   .          Harm     .   u - +0 cloak
rCorr   .          Rampage  .   q - +0 pair of gloves
Will    .....                   (no boots)
Stlth   ..........              (no amulet)
HPRegen 0.23/turn               e - ring of poison resistance
MPRegen 0.11/turn               h - +6 ring of strength

@: no status effects
A: horns 2, retaliatory headbutt
a: Renounce Religion, Berserk, Trog's Hand, Brothers in Arms


You were on level 8 of the Dungeon.
You worshipped Trog.
Trog was greatly pleased with you.
You visited 2 branches of the dungeon, and saw 9 of its levels.

You collected 561 gold pieces.

Inventory:

Hand Weapons
 x - a +0 flail
 H - a +0 great mace (weapon)
 L - a +3 mace
Missiles
 f - 3 boomerangs
 l - 67 stones
 C - 8 poisoned darts (quivered)
 J - a throwing net
Armour
 b - a +0 animal skin
 c - a +1 leather armour of poison resistance
 q - a +0 pair of gloves (worn)
 r - a +0 plate armour (worn)
 u - a +0 cloak (worn)
 I - a +3 leather armour of fire resistance
Jewellery
 d - a ring of fire
 e - a ring of poison resistance (left hand)
 h - a +6 ring of strength (right hand)
 t - a ring of resist corrosion
Wands
 z - a wand of roots (19)
 A - a wand of charming (17)
Scrolls
 g - a scroll of magic mapping {unknown}
 i - a scroll of poison {unknown}
 k - 2 scrolls of torment
 m - 3 scrolls of enchant armour
 p - 4 scrolls of enchant weapon
 s - 2 scrolls of teleportation
 y - 2 scrolls of fog
 F - 3 scrolls of amnesia
 G - a scroll of noise {unknown}
 M - a scroll of silence {unknown}
 O - 2 scrolls of summoning {unknown}
 Q - a scroll of immolation {unknown}
Potions
 j - a potion of attraction {unknown}
 n - 8 potions of curing
 o - 2 potions of cancellation
 v - 2 potions of brilliance
 w - 2 potions of ambrosia {unknown}
 B - a potion of mutation {unknown}
 D - 3 potions of haste {unknown}
 E - 2 potions of magic
 K - 2 potions of invisibility {unknown}
 N - a potion of heal wounds {unknown}
 P - a potion of degeneration {unknown}


   Skills:
 - Level 9.0 Fighting
 + Level 11.0 Maces & Flails
 - Level 5.0 Throwing
 - Level 5.0 Armour
 - Level 3.0 Dodging


You had 8 spell levels left.
You didn't know any spells.
Your spell library was empty.

Dungeon Overview and Level Annotations

Branches:
Dungeon (8/15)             Temple (1/1) D:7
   Lair: D:8-11

Altars:
Ashenzari
Cheibriados
Dithmenos
Elyvilon
Fedhas
Gozag
Kikubaaqudgha
Makhleb
Nemelex Xobeh
Okawaru
Qazlal
Ru
Sif Muna
Trog
Uskayaw
Wu Jian
Xom
Zin
The Shining One


Innate Abilities, Weirdness & Mutations

You have a pair of horns on your head.
You reflexively headbutt those who attack you in melee.


Message History

* * * LOW HITPOINT WARNING * * *
You see here a +0 club.
You barely miss the gnoll.
You headbutt the gnoll, but do no damage.
The gnoll closely misses you. You furiously retaliate!
You headbutt the gnoll!
The gnoll hits you but does no damage. x2
You hit the gnoll but do no damage.
You feel the effects of Trog's Hand fading.
The gnoll hits you with a +0 spear.
* * * LOW HITPOINT WARNING * * *
The gnoll hits you with a +0 spear.
* * * LOW HITPOINT WARNING * * *
The gnoll closely misses you. The gnoll hits you but does no damage.
You closely miss the gnoll. You headbutt the gnoll.
You kill the gnoll!
Trog accepts your kill.
Your attacks no longer feel as feeble.
The gnoll hits you but does no damage. The gnoll closely misses you.
The gnoll hits you with a +0 spear.
* * * LOW HITPOINT WARNING * * *
You closely miss the gnoll.
The gnoll hits you from afar with a +0 halberd.
* * * LOW HITPOINT WARNING * * *
The gnoll barely misses you. You furiously retaliate!
You headbutt the gnoll, but do no damage.
The gnoll hits you from afar with a +0 halberd!
* * * LOW HITPOINT WARNING * * *
The gnoll barely misses you.
You see here a +0 whip.
Your skin stops crawling.
You feel less strong-willed.
The gnoll hits you from afar with a +0 halberd.
* * * LOW HITPOINT WARNING * * *
Unknown command.
The gnoll is no longer moving quickly.
The gnoll barely misses you.
The gnoll is no longer moving quickly.
There is a stone staircase leading down here.
The gnoll closely misses you.
The gnoll hits you from afar with a +0 halberd.
You die...

#.# .######.#
........# ######..###
.###############....#
........#......>....#
#######.............##
#..............#
.#..@.g.........#
#......g.........#
###..............#
#..............#
##............##
##.......).).#
#########)#....#
#).####.# ..... #


You could see 2 gnolls.

Vanquished Creatures
  2 hornets
  Eustachio (D:4)
  An orc warrior (D:6)
  An ice beast (D:5)
  3 sky beasts
  3 bullfrogs
  2 scorpions
  9 wights (D:8)
  3 killer bees (D:7)
  A howler monkey (D:7)
  6 hounds
  A gnoll bouda (D:8)
  3 iguanas
  6 orc wizards
  Robin (D:2)
  5 adders
  10 gnolls
  A white imp (D:8)
  2 ufetubi
  3 worms
  A dart slug (D:5)
  21 orcs
  9 ball pythons
  3 bats (D:1)
  10 endoplasms
  4 giant cockroaches
  9 goblins
  10 hobgoblins
  5 jackals
  10 kobolds
  3 quokkas
  2 frilled lizards
  5 rats
156 creatures vanquished.

Notes
Turn   | Place    | Note
-------+----------+-------------------------------------------
     0 | D:1      | RevDB the Minotaur Berserker began the quest for the Orb.
     0 | D:1      | Reached XP level 1. HP: 19/19 MP: 0/0
    47 | D:1      | Reached skill level 4 in Maces & Flails
   112 | D:1      | Reached XP level 2. HP: 20/27 MP: 1/1
   191 | D:1      | Reached skill level 1 in Throwing
   202 | D:1      | Found a faded altar of an unknown god.
   637 | D:2      | Reached XP level 3. HP: 20/33 MP: 2/2
   872 | D:2      | Noticed Robin
   877 | D:2      | Reached ** piety under Trog
   883 | D:2      | Killed Robin
   884 | D:2      | Reached skill level 5 in Maces & Flails
  1153 | D:2      | Reached XP level 4. HP: 41/41 MP: 3/3
  1427 | D:2      | Reached skill level 5 in Fighting
  1700 | D:3      | Reached XP level 5. HP: 50/50 MP: 4/4
  2679 | D:4      | Reached skill level 6 in Maces & Flails
  2703 | D:4      | Reached *** piety under Trog
  2761 | D:4      | Reached XP level 6. HP: 54/57 MP: 5/5
  2848 | D:4      | Noticed Eustachio
  2861 | D:4      | Killed Eustachio
  2862 | D:4      | Reached skill level 7 in Maces & Flails
  3409 | D:5      | Entered Level 5 of the Dungeon
  3620 | D:5      | Noticed an ice beast
  3628 | D:5      | Killed an ice beast
  3629 | D:5      | Reached skill level 8 in Maces & Flails
  3629 | D:5      | Reached XP level 7. HP: 63/63 MP: 6/6
  3790 | D:5      | Identified the +5 quarterstaff of Collusion {vorpal, Int+6}
  4351 | D:6      | Found a sacrificial altar of Ru.
  4376 | D:6      | Reached skill level 9 in Maces & Flails
  4416 | D:6      | Found a sparkling altar of Nemelex Xobeh.
  4486 | D:6      | Noticed a hornet
  4488 | D:6      | Reached XP level 8. HP: 65/73 MP: 7/7
  4492 | D:6      | Killed a hornet
  4707 | D:6      | Found an opulent altar of Gozag.
  4732 | D:6      | Found a bloodstained altar of Trog.
  4925 | D:7      | Reached skill level 5 in Throwing
  5052 | D:7      | Found a staircase to the Ecumenical Temple.
  5058 | Temple   | Entered the Ecumenical Temple
  5058 | Temple   | Found a transporter.
  5058 | Temple   | Found a transporter.
  5060 | Temple   | Found a transporter.
  5060 | Temple   | Found a transporter.
  5201 | D:7      | Reached **** piety under Trog
  5282 | D:7      | Reached skill level 10 in Maces & Flails
  5652 | D:8      | Noticed a hornet
  5659 | D:8      | Killed a hornet
  5660 | D:8      | Reached XP level 9. HP: 65/81 MP: 8/8
  5706 | D:8      | Reached skill level 5 in Armour
  5830 | D:8      | Reached skill level 11 in Maces & Flails
  5948 | D:8      | HP: 3/83 [gnoll/+0 halberd[a gnoll bouda] (9)]
  5957 | D:8      | Slain by a gnoll

Illustrated notes

Levels and vault maps discovered:
D:1:      elethiomel_arrival_maze, layout_rooms, serial_curves, eino_curves_02,
          eino_curves_04, shapermc_ecumenical_altar_petra
D:2:      layout_loops_ring, uniq_robin
D:3:      layout_basic
D:4:      layout_gridville, minmay_misc_feat_cross,
          nicolae_concentric_dashed_squares_mild, uniq_eustachio
D:5:      layout_cave_pods
D:6:      layout_cave_pools, mainiacjoe_overflow_two_lobes,
          nemelex_xobeh_ov_fountains_minmay, nicolae_ru_great_annihilating_truth
D:7:      layout_basic, temple_green, serial_bayou_pond_d, nrook_mini_vaults
D:8:      layout_rooms
Temple:   hellmonk_temple_divided_pantheon

Skill      XL: |  1  2  3  4  5  6  7  8  9 |
---------------+----------------------------+-----
Maces & Flails | 4 5 6 8 9 10 11 | 11.0
Fighting       | 4 5 6 7 8 9 |  9.0
Throwing       | 1 3 5 |  5.0
Armour         | 3 4 5 |  5.0
Dodging        | 3 |  3.0

Action                   |  1- 3 |  4- 6 |  7- 9 || total
-------------------------+-------+-------+-------++-------
Melee: Mace              |    60 |   106 |       ||   166
       Headbutt          |     8 |    24 |    21 ||    53
       Great mace        |       |    28 |   172 ||   200
Throw: Boomerang         |     4 |       |       ||     4
       Dart              |       |     4 |     2 ||     6
Invok: Trog's Hand       |     1 |       |     1 ||     2
       Berserk           |       |     1 |     1 ||     2
  Use: Scroll            |       |     4 |     5 ||     9
Armor: Skin              |     4 |       |       ||     4
       Plate armour      |       |    80 |   130 ||   210
Dodge: Dodged            |    33 |    57 |    81 ||   171

Table legend: (Time is in decaauts)
 A = Elapsed time spent in this place.
 B = Non-inter-level travel time spent in this place.
 C = Inter-level travel time spent in this place.
 D = Time resting spent in this place.
 E = Time spent auto-exploring this place.
 F = Levels seen in this place.
 G = Mean time per level.
                   A        B        C        D        E       F      G
               +--------+--------+--------+--------+--------+-----+--------+
         Total |   6049 |   5897 |    152 |    544 |   1468 |   9 |  672.1 |
       Dungeon |   6012 |   5860 |    152 |    544 |   1468 |   8 |  751.5 |
        Temple |     36 |     36 |      0 |      0 |      0 |   1 |   36.0 |
               +--------+--------+--------+--------+--------+-----+--------+

Top non-repeatable levels by time:
     D:2: 1056 daAuts
     D:3: 970 daAuts
     D:6: 803 daAuts
     D:4: 799 daAuts
     D:7: 736 daAuts
     D:5: 694 daAuts
     D:1: 622 daAuts
     D:8: 328 daAuts
  Temple: 36 daAuts
